General information
- name: BNet
- type: Ladder team game (AT/RT)
- host: Battle.net
- saver: iplyfunygamewiU
map: Battleground
- players: 8
- length: 69:40
- speed: Fast
- version: 1.27 W3XP
- replay type: Public
» download(305 KB)
Players
team 1 (winner)

»
jerk (
pink | 116 APM | 1101 actions | 09:29)
3 Goblin Tinker
2 Pocket Factory
1 Engineering Upgrade
1 Firelord
1 Summon Lava Spawn
» actions
| Assign group hotkey | 23 | |
| Basic commands | 54 | |
| Build / train | 39 | |
| ESC pressed | 2 | |
| Enter build submenu | 12 | |
| Enter hero's abilities submenu | 4 | |
| Give item / drop item | 2 | |
| Right click | 516 | |
| Select / deselect | 195 | |
| Select group hotkey | 193 | |
| Use ability | 61 | |
1101 total
» units
| Wisp | 19 | |
| Archer | 7 | |
| Forest Troll Berserker | 1 | |
| Forest Troll Shadow Priest | 1 | |
| Ogre Mauler | 1 | |
29 total
» upgrades
» buildings
| Moon Well | 4 | |
| Ancient of War | 1 | |
| Altar of Elders | 1 | |
| Ancient of Wonders | 1 | |
| Tree of Ages | 1 | |
| Hunter's Hall | 1 | |
| Tree of Life | 1 | |
| Ancient Protector | 1 | |
| Ancient of Lore | 1 | |
12 total
» build order
00:16 Moon Well
00:28 Ancient of War
00:50 Moon Well
01:22 Altar of Elders
02:46 Ancient of Wonders
02:50 Moon Well
04:20 Tree of Ages
04:36 Hunter's Hall
05:40 Tree of Life
05:48 Moon Well
06:32 Ancient Protector
08:07 Ancient of Lore
» items
iplyfunygamewiU (
teal | 54 APM | 3732 actions | 69:40)
7 Mountain King
3 Storm Bolt
3 Bash
1 Avatar
» actions
| Assign group hotkey | 68 | |
| Basic commands | 125 | |
| Build / train | 191 | |
| ESC pressed | 9 | |
| Enter build submenu | 50 | |
| Enter hero's abilities submenu | 7 | |
| Give item / drop item | 7 | |
| Right click | 1454 | |
| Select / deselect | 512 | |
| Select group hotkey | 1104 | |
| Use ability | 205 | |
3732 total
» units
| Peasant | 24 | |
| Footman | 9 | |
| Dragonhawk Rider | 5 | |
| Gryphon Rider | 7 | |
45 total
» upgrades
| Masonry | 3 | |
| Swords | 4 | |
| Defend | 1 | |
| Armor | 3 | |
| Animal War Training | 1 | |
| Cloud | 1 | |
| Storm Hammers | 1 | |
| Magic Sentry | 1 | |
| Sorceress Training | 2 | |
| Priest Training | 2 | |
| Control Magic | 1 | |
| Plating | 3 | |
| Gunpowder | 3 | |
| Lumber Harvesting | 2 | |
| Long Rifles | 1 | |
| Backpack | 1 | |
30 total
» buildings
| Farm | 14 | |
| Altar of Kings | 1 | |
| Barracks | 1 | |
| Lumber Mill | 1 | |
| Arcane Vault | 1 | |
| Blacksmith | 1 | |
| Keep | 6 | |
| Scout Tower | 26 | |
| Arcane Tower | 22 | |
| Guard Tower | 24 | |
| Castle | 5 | |
| Gryphon Aviary | 2 | |
| Town Hall | 1 | |
| Arcane Sanctum | 1 | |
106 total
» build order
01:15 Farm
01:17 Altar of Kings
01:19 Barracks
01:22 Farm
01:29 Farm
02:05 Lumber Mill
02:33 Arcane Vault
03:33 Farm
03:34 Farm
03:37 Farm
03:59 Blacksmith
05:10 Farm
06:02 Farm
06:46 Keep
06:46 Keep
06:46 Keep
06:47 Keep
06:57 Scout Tower
06:58 Scout Tower
07:32 Arcane Tower
07:33 Arcane Tower
07:33 Arcane Tower
07:33 Arcane Tower
07:34 Arcane Tower
07:34 Arcane Tower
07:34 Arcane Tower
07:42 Scout Tower
07:44 Scout Tower
08:45 Guard Tower
08:45 Guard Tower
09:45 Castle
09:46 Castle
09:46 Castle
09:49 Gryphon Aviary
09:51 Gryphon Aviary
10:20 Scout Tower
10:21 Scout Tower
10:25 Scout Tower
10:26 Scout Tower
10:28 Scout Tower
10:29 Scout Tower
10:59 Guard Tower
10:59 Guard Tower
11:12 Scout Tower
11:14 Scout Tower
11:24 Farm
11:25 Farm
11:35 Guard Tower
11:35 Guard Tower
11:36 Guard Tower
11:36 Guard Tower
12:28 Guard Tower
12:28 Guard Tower
12:28 Guard Tower
12:37 Scout Tower
12:39 Scout Tower
13:17 Guard Tower
14:16 Farm
14:18 Farm
14:22 Guard Tower
14:22 Guard Tower
14:23 Guard Tower
23:06 Town Hall
23:19 Scout Tower
23:21 Scout Tower
23:22 Scout Tower
23:23 Scout Tower
23:55 Guard Tower
23:55 Guard Tower
23:56 Guard Tower
27:14 Scout Tower
27:15 Scout Tower
27:16 Scout Tower
27:17 Scout Tower
28:05 Guard Tower
28:06 Guard Tower
28:11 Farm
28:12 Farm
31:25 Arcane Sanctum
31:29 Scout Tower
31:30 Scout Tower
31:31 Scout Tower
31:47 Scout Tower
32:11 Arcane Tower
32:11 Arcane Tower
32:11 Arcane Tower
32:28 Arcane Tower
32:28 Arcane Tower
32:28 Arcane Tower
32:28 Arcane Tower
» items
| Scroll of Regeneration | 4 | |
| Lesser Clarity Potion | 2 | |
| Mechanical Critter | 3 | |
| Scroll of Town Portal | 3 | |
| Staff of Sanctuary | 1 | |
| Boots of Speed | 1 | |
14 total
Ari (
blue | 66 APM | 1701 actions | 25:49)
4 Archmage
2 Blizzard
2 Brilliance Aura
2 Paladin
1 Holy Light
1 Devotion Aura
» actions
| Assign group hotkey | 16 | |
| Basic commands | 37 | |
| Build / train | 80 | |
| Enter build submenu | 34 | |
| Enter hero's abilities submenu | 6 | |
| Give item / drop item | 1 | |
| Remove unit from queue | 4 | |
| Right click | 768 | |
| Select / deselect | 544 | |
| Select group hotkey | 105 | |
| Use ability | 106 | |
1701 total
» units
| Peasant | 16 | |
| Footman | 4 | |
| Flying Machine | 1 | |
| Siege Engine | 11 | |
| Druid of the Claw | 2 | |
| Dryad | 5 | |
| Wisp | 3 | |
42 total
» upgrades
| Defend | 0 | |
| Armor | 2 | |
| Lumber Harvesting | 1 | |
| Barrage | 1 | |
| Druid of the Claw Training | 1 | |
| Swords | 1 | |
| Gunpowder | 1 | |
| Abolish Magic | 1 | |
| Plating | 2 | |
10 total
» buildings
| Altar of Kings | 2 | |
| Barracks | 3 | |
| Farm | 8 | |
| Arcane Vault | 1 | |
| Keep | 5 | |
| Blacksmith | 1 | |
| Lumber Mill | 1 | |
| Workshop | 2 | |
| Castle | 1 | |
| Ancient of Lore | 1 | |
| Scout Tower | 1 | |
| Guard Tower | 1 | |
| Moon Well | 4 | |
31 total
» build order
00:19 Altar of Kings
00:21 Barracks
00:23 Farm
00:24 Barracks
00:28 Barracks
00:59 Farm
01:38 Farm
02:05 Arcane Vault
03:04 Keep
03:04 Keep
03:04 Keep
03:30 Farm
03:36 Blacksmith
04:35 Farm
04:49 Lumber Mill
05:28 Workshop
05:31 Workshop
06:33 Castle
09:50 Ancient of Lore
14:14 Scout Tower
15:23 Guard Tower
16:16 Moon Well
17:34 Farm
17:35 Farm
17:38 Farm
18:55 Moon Well
18:55 Moon Well
21:16 Moon Well
21:54 Altar of Kings
» items
| Staff of Teleportation | 1 | |
| Dust of Appearance | 1 | |
| Scroll of Regeneration | 2 | |
| Potion of Healing | 1 | |
| Scroll of Town Portal | 1 | |
6 total
silverstein (
green | 14 APM | 806 actions | 57:36)
3 Paladin
1 Holy Light
2 Divine Shield
1 Goblin Tinker
1 Engineering Upgrade
» actions
| Build / train | 50 | |
| Enter build submenu | 25 | |
| Enter hero's abilities submenu | 4 | |
| Give item / drop item | 3 | |
| Right click | 287 | |
| Select / deselect | 378 | |
| Use ability | 59 | |
806 total
» units
| Peasant | 11 | |
| Footman | 6 | |
| Sorceress | 4 | |
| Priest | 1 | |
| Knight | 4 | |
| Spell Breaker | 2 | |
28 total
» upgrades
| Swords | 3 | |
| Plating | 3 | |
| Animal War Training | 1 | |
| Control Magic | 1 | |
| Lumber Harvesting | 2 | |
| Masonry | 1 | |
11 total
» buildings
| Altar of Kings | 1 | |
| Farm | 14 | |
| Barracks | 2 | |
| Arcane Vault | 1 | |
| Blacksmith | 1 | |
| Lumber Mill | 1 | |
| Keep | 1 | |
| Castle | 1 | |
| Arcane Sanctum | 2 | |
| Town Hall | 1 | |
25 total
» build order
00:28 Altar of Kings
00:44 Farm
01:26 Farm
01:33 Barracks
01:57 Barracks
02:11 Farm
02:49 Arcane Vault
02:54 Farm
03:02 Blacksmith
03:24 Lumber Mill
04:22 Keep
04:48 Farm
04:56 Farm
05:00 Farm
07:22 Castle
07:27 Arcane Sanctum
07:32 Arcane Sanctum
07:43 Farm
08:34 Farm
09:54 Farm
12:35 Farm
16:45 Farm
18:31 Farm
19:26 Town Hall
19:45 Farm
» items
team 2 (loser)
biggiesmalls_ny (
orange | 29 APM | 2009 actions | 68:31)
7 Blademaster
3 Wind Walk
3 Critical Strike
1 Bladestorm
» actions
| Assign group hotkey | 9 | |
| Basic commands | 105 | |
| Build / train | 54 | |
| ESC pressed | 7 | |
| Enter build submenu | 44 | |
| Enter hero's abilities submenu | 7 | |
| Give item / drop item | 2 | |
| Right click | 749 | |
| Select / deselect | 419 | |
| Select group hotkey | 473 | |
| Use ability | 140 | |
2009 total
» units
» upgrades
| Armor | 3 | |
| Ranged Weapons | 1 | |
| Envenomed Spears | 1 | |
| Spiked Barricades | 2 | |
7 total
» buildings
| Altar of Storms | 4 | |
| Orc Burrow | 12 | |
| Voodoo Lounge | 1 | |
| Stronghold | 1 | |
| War Mill | 1 | |
| Fortress | 1 | |
| Beastiary | 3 | |
| Watch Tower | 17 | |
| Great Hall | 2 | |
42 total
» build order
00:20 Altar of Storms
00:36 Orc Burrow
00:50 Voodoo Lounge
01:33 Orc Burrow
01:54 Orc Burrow
02:03 Orc Burrow
03:09 Stronghold
03:38 War Mill
05:34 Fortress
06:21 Beastiary
06:26 Beastiary
06:27 Beastiary
10:32 Watch Tower
10:33 Watch Tower
10:35 Watch Tower
10:37 Watch Tower
10:53 Watch Tower
10:56 Watch Tower
10:57 Watch Tower
11:11 Watch Tower
11:12 Watch Tower
11:52 Watch Tower
12:47 Watch Tower
13:00 Watch Tower
13:01 Watch Tower
16:18 Watch Tower
16:19 Watch Tower
17:12 Watch Tower
17:12 Watch Tower
18:51 Orc Burrow
18:53 Orc Burrow
19:41 Great Hall
19:42 Altar of Storms
20:26 Orc Burrow
20:27 Orc Burrow
20:30 Great Hall
21:21 Orc Burrow
21:24 Orc Burrow
32:07 Altar of Storms
32:14 Orc Burrow
33:08 Orc Burrow
34:05 Altar of Storms
» items
| Healing Salve | 4 | |
| Lesser Clarity Potion | 5 | |
| Boots of Speed | 1 | |
| Orb of Lightning | 2 | |
| Tiny Great Hall | 1 | |
| Potion of Lesser Invulnerability | 1 | |
| Scroll of Town Portal | 1 | |
15 total
TheBully (
red | 39 APM | 2673 actions | 68:31)
7 Blademaster
3 Wind Walk
3 Critical Strike
1 Bladestorm
» actions
| Assign group hotkey | 40 | |
| Basic commands | 269 | |
| Build / train | 108 | |
| Enter build submenu | 107 | |
| Enter hero's abilities submenu | 7 | |
| Give item / drop item | 38 | |
| Remove unit from queue | 1 | |
| Right click | 897 | |
| Select / deselect | 571 | |
| Select group hotkey | 244 | |
| Use ability | 390 | |
2673 total
» units
| Peon | 27 | |
| Grunt | 5 | |
| Troll Batrider | 2 | |
| Demolisher | 4 | |
38 total
» upgrades
| Reinforced Defenses | 1 | |
| Ranged Weapons | 4 | |
| Armor | 4 | |
| Envenomed Spears | 1 | |
| Liquid Fire | 1 | |
| Ensnare | 1 | |
| Spiked Barricades | 3 | |
| Melee Weapons | 3 | |
| Pillage | 1 | |
| Troll Regeneration | 1 | |
| Burning Oil | 1 | |
| Berserker Upgrade | 1 | |
| Berserker Strength | 1 | |
23 total
» buildings
| Orc Burrow | 4 | |
| Altar of Storms | 1 | |
| Barracks | 2 | |
| Voodoo Lounge | 5 | |
| Stronghold | 7 | |
| War Mill | 9 | |
| Beastiary | 4 | |
| Watch Tower | 99 | |
| Great Hall | 5 | |
| Fortress | 7 | |
143 total
» build order
00:13 Orc Burrow
01:04 Altar of Storms
01:07 Barracks
01:11 Orc Burrow
02:00 Voodoo Lounge
03:02 Stronghold
04:03 War Mill
04:53 Orc Burrow
06:27 Beastiary
06:28 Beastiary
06:32 Orc Burrow
06:36 Watch Tower
06:37 Watch Tower
10:03 Great Hall
10:06 Watch Tower
10:07 Watch Tower
10:07 Watch Tower
10:08 Watch Tower
10:14 Watch Tower
10:14 Watch Tower
10:16 Voodoo Lounge
10:18 Watch Tower
10:52 Watch Tower
10:53 Watch Tower
10:54 Watch Tower
10:55 Watch Tower
10:56 Watch Tower
11:17 War Mill
12:12 Fortress
13:14 Watch Tower
13:15 Watch Tower
13:16 Watch Tower
13:17 Watch Tower
13:20 Watch Tower
13:22 Watch Tower
13:24 Watch Tower
14:17 Watch Tower
16:10 Watch Tower
16:10 Watch Tower
16:11 Watch Tower
16:12 Watch Tower
17:04 Beastiary
17:06 Beastiary
18:08 Watch Tower
18:12 Watch Tower
18:13 Watch Tower
18:13 Watch Tower
18:23 War Mill
18:27 Watch Tower
18:27 Watch Tower
18:28 Watch Tower
18:28 Watch Tower
18:28 Watch Tower
18:31 War Mill
18:36 War Mill
18:46 War Mill
18:50 Watch Tower
18:50 Watch Tower
18:50 Watch Tower
18:51 Watch Tower
18:51 Watch Tower
18:52 Watch Tower
19:06 Watch Tower
19:31 War Mill
20:53 Watch Tower
20:54 Watch Tower
20:55 Watch Tower
20:57 Watch Tower
22:01 Watch Tower
22:01 Watch Tower
22:03 Watch Tower
22:04 Watch Tower
23:59 Great Hall
24:02 Watch Tower
24:03 Watch Tower
24:04 Watch Tower
24:05 Watch Tower
24:08 Watch Tower
24:09 Watch Tower
24:10 Watch Tower
24:10 Watch Tower
24:13 Watch Tower
24:14 Watch Tower
24:15 Watch Tower
24:16 Watch Tower
25:33 Great Hall
25:37 Voodoo Lounge
25:40 Watch Tower
25:40 Watch Tower
25:42 Watch Tower
25:43 Watch Tower
25:45 Watch Tower
25:46 Watch Tower
25:47 Watch Tower
25:47 Watch Tower
25:48 Watch Tower
25:49 Watch Tower
25:50 Watch Tower
25:50 Watch Tower
27:28 Great Hall
27:30 Voodoo Lounge
27:33 Watch Tower
27:33 Watch Tower
27:34 Watch Tower
27:35 Watch Tower
27:38 Watch Tower
27:39 Watch Tower
27:40 Watch Tower
27:41 Watch Tower
27:41 Watch Tower
27:42 Watch Tower
27:43 Watch Tower
27:44 Watch Tower
27:50 Great Hall
27:54 Voodoo Lounge
27:57 Watch Tower
27:58 Watch Tower
27:59 Watch Tower
28:00 Watch Tower
28:01 Watch Tower
28:02 Watch Tower
28:02 Watch Tower
28:04 Watch Tower
28:05 Watch Tower
28:06 Watch Tower
28:07 Watch Tower
28:07 Watch Tower
30:06 War Mill
34:22 Stronghold
34:25 Stronghold
34:28 Stronghold
37:44 Fortress
37:47 Fortress
37:49 Fortress
37:52 Stronghold
37:56 Stronghold
41:56 Fortress
41:58 Stronghold
42:00 Fortress
42:21 War Mill
44:20 Fortress
46:49 Barracks
» items
| Healing Salve | 4 | |
| Orb of Lightning | 1 | |
| Staff of Teleportation | 3 | |
| Tiny Great Hall | 3 | |
| Boots of Speed | 1 | |
| Periapt of Vitality | 1 | |
| Circlet of Nobility | 1 | |
| Potion of Lesser Invulnerability | 1 | |
| Scroll of Healing | 2 | |
| Potion of Invisibility | 1 | |
| Tome of Retraining | 3 | |
| Scroll of Town Portal | 2 | |
| Dust of Appearance | 1 | |
24 total
d44k_eIllIf (
yellow | 63 APM | 776 actions | 12:21)
3 Priestess of the Moon
2 Trueshot Aura
1 Searing Arrows
» actions
| Assign group hotkey | 28 | |
| Basic commands | 28 | |
| Build / train | 38 | |
| ESC pressed | 2 | |
| Enter build submenu | 14 | |
| Enter hero's abilities submenu | 3 | |
| Right click | 363 | |
| Select / deselect | 136 | |
| Select group hotkey | 127 | |
| Use ability | 37 | |
776 total
» units
| Wisp | 9 | |
| Archer | 1 | |
| Huntress | 7 | |
| Glaive Thrower | 4 | |
21 total
» upgrades
| Strength of the Moon | 1 | |
| Moon Armor | 1 | |
2 total
» buildings
| Hunter's Hall | 1 | |
| Ancient of War | 2 | |
| Moon Well | 5 | |
| Altar of Elders | 1 | |
| Ancient of Wonders | 1 | |
| Ancient Protector | 3 | |
13 total
» build order
01:31 Hunter's Hall
01:41 Ancient of War
01:43 Ancient of War
02:03 Moon Well
02:11 Altar of Elders
02:38 Moon Well
03:21 Ancient of Wonders
03:49 Moon Well
06:17 Moon Well
06:25 Moon Well
08:53 Ancient Protector
09:07 Ancient Protector
09:14 Ancient Protector
» items
| Staff of Teleportation | 1 | |
| Boots of Speed | 1 | |
| Healing Salve | 2 | |
| Lesser Clarity Potion | 1 | |
| Scroll of Speed | 1 | |
| Potion of Healing | 1 | |
| Scroll of Town Portal | 1 | |
8 total
CmyL (
purple | 51 APM | 3514 actions | 68:31)
6 Death Knight
3 Death Coil
2 Unholy Aura
1 Animate Dead
3 Lich
2 Frost Nova
1 Dark Ritual
» actions
| Assign group hotkey | 100 | |
| Basic commands | 37 | |
| Build / train | 120 | |
| ESC pressed | 9 | |
| Enter build submenu | 60 | |
| Enter hero's abilities submenu | 9 | |
| Give item / drop item | 9 | |
| Right click | 1210 | |
| Select / deselect | 715 | |
| Select group hotkey | 1029 | |
| Use ability | 212 | |
3514 total
» units
| Acolyte | 16 | |
| Ghoul | 3 | |
| Crypt Fiend | 7 | |
26 total
» upgrades
| Creature Attack | 3 | |
| Burrow | 1 | |
| Web | 1 | |
| Destroyer Form | 1 | |
| Creature Carapace | 3 | |
| Ghoul Frenzy | 1 | |
| Disease Cloud | 1 | |
| Freezing Breath | 1 | |
| Cannibalize | 1 | |
| Unholy Strength | 3 | |
| Exhume Corpses | 1 | |
| Banshee Training | 2 | |
| Stone Form | 1 | |
| Unholy Armor | 3 | |
| Backpack | 1 | |
| Skeletal Longevity | 1 | |
| Necromancer Training | 2 | |
| Skeletal Mastery | 2 | |
29 total
» buildings
| Graveyard | 2 | |
| Crypt | 2 | |
| Altar of Darkness | 2 | |
| Ziggurat | 16 | |
| Tomb of Relics | 4 | |
| Nerubian Tower | 3 | |
| Halls of the Dead | 8 | |
| Black Citadel | 3 | |
| Sacrificial Pit | 2 | |
| Boneyard | 2 | |
| Spirit Tower | 7 | |
| Slaughterhouse | 2 | |
| Necropolis | 11 | |
| Temple of the Damned | 1 | |
65 total
» build order
00:14 Graveyard
00:16 Crypt
00:46 Altar of Darkness
01:07 Ziggurat
01:33 Tomb of Relics
02:02 Ziggurat
03:41 Nerubian Tower
03:42 Nerubian Tower
04:16 Halls of the Dead
04:16 Halls of the Dead
04:16 Halls of the Dead
04:30 Ziggurat
05:06 Ziggurat
07:21 Black Citadel
08:17 Sacrificial Pit
08:35 Ziggurat
10:27 Tomb of Relics
10:30 Boneyard
10:31 Spirit Tower
10:32 Spirit Tower
11:01 Ziggurat
11:08 Slaughterhouse
12:12 Ziggurat
13:10 Necropolis
13:14 Tomb of Relics
13:38 Spirit Tower
13:39 Spirit Tower
13:40 Spirit Tower
13:43 Ziggurat
15:56 Necropolis
17:53 Necropolis
18:08 Ziggurat
20:03 Ziggurat
20:03 Ziggurat
20:05 Tomb of Relics
21:20 Ziggurat
21:21 Ziggurat
21:22 Ziggurat
21:22 Ziggurat
21:45 Altar of Darkness
21:51 Necropolis
22:00 Halls of the Dead
23:33 Crypt
23:35 Graveyard
23:53 Necropolis
24:24 Black Citadel
24:24 Black Citadel
24:34 Ziggurat
24:36 Sacrificial Pit
24:37 Nerubian Tower
25:11 Halls of the Dead
25:11 Halls of the Dead
25:17 Slaughterhouse
25:47 Spirit Tower
25:47 Spirit Tower
26:07 Temple of the Damned
27:43 Boneyard
28:23 Necropolis
31:37 Necropolis
32:17 Necropolis
34:45 Necropolis
36:17 Necropolis
39:02 Necropolis
» items
| Rod of Necromancy | 3 | |
| Dust of Appearance | 1 | |
| Orb of Corruption | 1 | |
| Staff of Teleportation | 2 | |
| Periapt of Vitality | 3 | |
| Boots of Speed | 2 | |
| Scroll of Town Portal | 1 | |
13 total
Chat log
(00:27 / Allies) Ari: teal is a new account
(01:27 / Allies) Ari: am
(02:34 / Allies) Ari: blizzard/aura
(03:07 / Allies) Ari: teching
(03:18 / Allies) silverstein: units?
(03:22 / Allies) Ari: workshop
(04:15 / Allies) silverstein: melee cast and breakers
(05:05 / Allies) Ari: damn
(05:07 / Allies) Ari: that's a tough camp
(06:00 / Allies) Ari: damn it
(06:11 / Allies) iplyfunygamewiU: I locked in bm
(06:16 / Allies) Ari: nice nice
(06:19 / Allies) iplyfunygamewiU: ty
(06:30 / Allies) Ari: gave you potion but i was too slow
(08:35 / Allies) jerk: so no units from anybody
(08:36 / Allies) jerk: nice
(08:38 / Allies) Ari: is pink's base lost? :/
(08:53 / Allies) jerk: game is lost since none of you made any units
(08:59 / Allies) iplyfunygamewiU: well I got hit, scuse me buddy
(09:08 / Allies) silverstein: repair
(09:09 / Allies) iplyfunygamewiU: nelf techer on ouside
(09:14 / Allies) jerk: are you retarded?
(09:15 / Allies) iplyfunygamewiU: complaining about no units LOL
(09:20 / Allies) jerk: k you are retareded
(09:22 / Allies) iplyfunygamewiU: you obviously are
(09:25 / Allies) iplyfunygamewiU: You have no base
(09:27 / Allies) iplyfunygamewiU: I have a base
(09:28 / Allies) jerk: bye
(09:29 / Allies) jerk: lsoer
(09:29 / Allies) iplyfunygamewiU: out
(10:21 / Allies) Ari: getting bears i think
(10:22 / Allies) Ari: for pink
(10:25 / Allies) silverstein: nah
(10:29 / Allies) silverstein: i got melee
(10:33 / Allies) Ari: aight
(11:11 / Allies) silverstein: going
(11:52 / Allies) Ari: hl
(11:54 / Allies) Ari: pala
(13:04 / Allies) silverstein: stop getting foots...
(13:41 / Allies) silverstein: tp to my base
(15:29 / Allies) silverstein: tp to pink or what
(15:35 / Allies) Ari: can we?
(15:53 / Allies) Ari: L/
(15:54 / Allies) silverstein: tp
(16:37 / Allies) silverstein: go
(17:36 / All) TheBully: You watch the heaveans Harambe, I'll take care of the earth
(17:36 / All) biggiesmalls_ny: gg?
(17:49 / Allies) iplyfunygamewiU: I got cloud
(17:51 / Allies) iplyfunygamewiU: let's kill that expo
(17:53 / Allies) Ari: okay
(18:07 / Allies) Ari: omw
(18:53 / All) iplyfunygamewiU: nice unupgraded towers
(19:03 / Allies) Ari: his base
(19:06 / Allies) Ari: skip purp
(19:09 / Allies) Ari: go orange1
(19:14 / Allies) Ari: nice green
(19:53 / Allies) Ari: no lets take out red's actual base first
(20:01 / Allies) iplyfunygamewiU: hit purp after
(20:04 / Allies) iplyfunygamewiU: then it's just him left
(20:10 / Allies) Ari: we should go there
(20:16 / Allies) iplyfunygamewiU: hit top
(20:16 / Allies) Ari: :/
(20:49 / Allies) silverstein: c;oud
(21:11 / Allies) Ari: hit mid
(22:02 / Allies) Ari: thanks team
(22:08 / Allies) Ari: you guys are awesome
(22:13 / Allies) iplyfunygamewiU: how you lose everything, noob>?
(22:23 / Allies) Ari: because you're a retard
(22:27 / Allies) iplyfunygamewiU: I think you're a newbie
(22:32 / Allies) iplyfunygamewiU: and you're mad and blaming your noob mistakes on me
(22:37 / Allies) Ari: you have an army
(22:39 / Allies) Ari: use it next time
(22:40 / Allies) iplyfunygamewiU: everyone's a problem but you, huh blue?
(22:51 / Allies) iplyfunygamewiU: Yeah I have an army, unlike newbie here who loses his and blames it on others
(22:57 / Allies) Ari: i said i was hitting orange a while back
(23:05 / Allies) Ari: your army is still sitting there
(23:09 / Allies) iplyfunygamewiU: 50-63
(23:15 / Allies) iplyfunygamewiU: I bet you think those 63 losses are from others, huh?
(23:17 / Allies) Ari: we had a chance to take out orange's riders
(23:32 / Allies) silverstein: blue get fucking units or leave
(23:33 / Allies) iplyfunygamewiU: do you blame it on your allies every one of your 63 losses?
(23:40 / Allies) iplyfunygamewiU: give me your resources before you leave
(23:43 / Allies) iplyfunygamewiU: if you do
(24:02 / Allies) silverstein: 200 gold
(25:19 / All) biggiesmalls_ny: gg.... u lost
(25:21 / All) Ari: good luck other team
(25:32 / All) iplyfunygamewiU: You lost orange
(25:37 / All) biggiesmalls_ny: lol noob.
(25:40 / All) iplyfunygamewiU: even if you won the game it wasn't you who got you it LMAO
(25:40 / All) biggiesmalls_ny: really?
(25:47 / All) Ari: don't worry i gave my resources to pink before i left
(25:50 / All) iplyfunygamewiU: resting on your allies laurels
(25:58 / All) biggiesmalls_ny: lol
(26:00 / All) biggiesmalls_ny: noobs bye
(26:02 / All) iplyfunygamewiU: and acting like it's who you did anything
(26:04 / All) iplyfunygamewiU: 'you sucked noob lol
(26:05 / All) biggiesmalls_ny: u mad bro
(26:10 / All) iplyfunygamewiU: I'm not mad because I haven't lost
(26:16 / All) iplyfunygamewiU: I'm saying IF I lost
(26:18 / All) TheBully: what';s your pob cuh?
(26:19 / All) iplyfunygamewiU: it wouldn't be from you
(26:29 / All) biggiesmalls_ny: raped u noob
(26:41 / All) iplyfunygamewiU: if you call killing 5 peasants rape
(26:42 / All) iplyfunygamewiU: lol
(26:46 / All) iplyfunygamewiU: big accomplishment for you?
(26:51 / All) biggiesmalls_ny: thats all u got lol noob
(27:04 / All) iplyfunygamewiU: nah, I got a lot more than that
(27:07 / Allies) silverstein: teal you getting units?
(27:11 / All) biggiesmalls_ny: lol a level 3 MK?
(27:25 / All) iplyfunygamewiU: 5
(27:28 / All) iplyfunygamewiU: Almost 6
(27:30 / All) biggiesmalls_ny: wow good :)
(27:31 / All) biggiesmalls_ny: lol
(27:33 / All) iplyfunygamewiU: Attack me with your army
(27:37 / All) iplyfunygamewiU: you'll lose every single unit
(27:38 / All) biggiesmalls_ny: i will noob
(28:44 / Allies) silverstein: bue really did fuck us man
(29:04 / All) iplyfunygamewiU: Come attack me orange
(29:11 / All) biggiesmalls_ny: stfu.
(29:14 / All) biggiesmalls_ny: noob
(29:17 / All) iplyfunygamewiU: scared?
(29:21 / All) biggiesmalls_ny: nol ol
(29:22 / All) biggiesmalls_ny: bored.
(29:33 / All) iplyfunygamewiU: come fight me then, it'll be exciting
(29:36 / All) iplyfunygamewiU: you can lose every unit
(29:54 / All) biggiesmalls_ny: :)
(30:02 / All) biggiesmalls_ny: lol noob.
(30:09 / All) iplyfunygamewiU: lol noob
(30:25 / All) iplyfunygamewiU: Newbie scared
(30:35 / All) iplyfunygamewiU: scared?
(30:40 / All) iplyfunygamewiU: newbie scared!
(30:53 / All) iplyfunygamewiU: scared newbie!
(31:17 / All) iplyfunygamewiU: Newbie scared
(31:25 / All) biggiesmalls_ny: lol u noob
(32:00 / All) iplyfunygamewiU: LOL
(32:02 / All) biggiesmalls_ny: lol
(32:03 / All) iplyfunygamewiU: good one orange
(32:22 / All) iplyfunygamewiU: you're a really good player, great bm control
(32:28 / All) biggiesmalls_ny: thx noobie
(33:31 / Allies) silverstein: that still has 4k in iyt hahah
(34:14 / All) CmyL: hey teal
(34:16 / All) CmyL: dont attack me
(34:18 / All) CmyL: im ur friend
(34:31 / All) CmyL: go attack red
(34:34 / All) CmyL: hes the man
(35:04 / All) iplyfunygamewiU: nice try
(37:57 / All) iplyfunygamewiU: Purple mh
(38:08 / All) CmyL: how so
(38:18 / All) iplyfunygamewiU: You moved your acos at your mine earlier when I went to hit it
(38:19 / Allies) silverstein: lol
(38:19 / All) iplyfunygamewiU: except one
(38:26 / All) iplyfunygamewiU: and you canceled your mine ther ewhen I went to hit it
(38:29 / All) CmyL: you scanned it
(38:33 / All) CmyL: with your tower
(38:40 / All) iplyfunygamewiU: but only killed it when I headed there
(38:44 / All) iplyfunygamewiU: and that doesn't explain earlier
(38:50 / All) CmyL: ok mh then
(38:53 / All) CmyL: u caught me
(38:54 / All) CmyL: :)
(38:58 / All) CmyL: plz dont report
(39:03 / Allies) silverstein: teal, you gonna take out reds exxpo?
(39:12 / All) iplyfunygamewiU: It's pathetic hacking playing for wins in an ancient game
(39:19 / Allies) iplyfunygamewiU: no
(39:21 / All) CmyL: who says im playing for win
(39:23 / All) biggiesmalls_ny: agreed :)
(39:34 / All) iplyfunygamewiU: You're 556-624 with maphack lmao
(39:45 / All) CmyL: yea that shows how much i care
(39:46 / All) CmyL: for win
(39:51 / All) iplyfunygamewiU: It shows how bad you are
(39:56 / All) CmyL: cool
(39:56 / All) biggiesmalls_ny: Lol
(39:59 / All) iplyfunygamewiU: that you can't win even not trying very hard with mh
(40:05 / All) biggiesmalls_ny: red what u doing bro
(40:10 / All) biggiesmalls_ny: getting all the gold lol
(40:14 / All) CmyL: they are trolling
(40:15 / All) CmyL: cant u tell
(40:23 / All) CmyL: im not leaving till red does
(40:24 / All) CmyL: afk
(40:31 / All) biggiesmalls_ny: '_'
(41:10 / All) CmyL: orange
(41:14 / All) CmyL: u should go afk
(41:14 / All) biggiesmalls_ny: yeah
(41:26 / All) CmyL: red and teal are together
(41:41 / All) CmyL: im either getting a win with red
(41:44 / All) CmyL: or a loss with red
(41:53 / All) CmyL: simple like that
(42:00 / All) biggiesmalls_ny: why dont you kill teal?
(42:08 / All) biggiesmalls_ny: you def have the army for
(42:27 / All) CmyL: i started trolling too
(42:29 / Allies) silverstein: go kill it5 teak
(42:33 / All) CmyL: when i noticed
(42:35 / All) CmyL: they together
(42:45 / All) biggiesmalls_ny: who is together
(42:49 / All) CmyL: red and teal
(42:54 / All) biggiesmalls_ny: i see
(43:17 / All) CmyL: they are waiting for everyone to leave
(43:22 / All) biggiesmalls_ny: lol
(43:24 / All) CmyL: guess what, i never leave
(43:30 / All) CmyL: as i said
(43:32 / All) TheBully: ^_^
(43:36 / All) CmyL: either me and red both get a win
(43:39 / All) CmyL: or we both get a loss
(43:45 / All) biggiesmalls_ny: why did yellow leave
(43:47 / All) biggiesmalls_ny: is this related
(43:48 / All) iplyfunygamewiU: he's 0-0
(43:52 / All) biggiesmalls_ny: or he was just a dumbass?
(43:56 / All) iplyfunygamewiU: he was just an idiot
(44:01 / All) biggiesmalls_ny: lol
(44:06 / All) CmyL: he got mad
(44:07 / All) biggiesmalls_ny: got it
(44:12 / All) biggiesmalls_ny: for what though?
(44:14 / All) CmyL: when he saw i was trolling
(44:16 / All) biggiesmalls_ny: we didn't save his ass?
(44:18 / All) biggiesmalls_ny: LOL
(45:01 / All) CmyL: we also have green in game btw
(45:04 / All) CmyL: whos really afk
(45:08 / All) CmyL: enjoying his night
(45:10 / Allies) silverstein: lol
(45:12 / All) biggiesmalls_ny: LOL
(45:16 / All) biggiesmalls_ny: didn't even notice lol shit
(46:02 / All) silverstein: anyone go see assassins creed?
(46:13 / All) CmyL: there you are
(46:16 / All) CmyL: late for the party
(46:42 / All) CmyL: well, i will brb
(46:59 / Allies) silverstein: teal
(47:03 / Allies) iplyfunygamewiU: ?
(47:05 / Allies) silverstein: you afk?
(47:09 / Allies) iplyfunygamewiU: alt tabbing
(47:26 / Allies) iplyfunygamewiU: ya I see it
(47:49 / All) biggiesmalls_ny: the thing i dont get is
(47:53 / All) biggiesmalls_ny: if red wants teal to win
(47:54 / Allies) silverstein: why not go kill it?
(47:58 / All) biggiesmalls_ny: why doesn't he just TK
(48:02 / Allies) iplyfunygamewiU: hmmm, don't really want to
(48:03 / All) biggiesmalls_ny: would be much faster
(48:10 / All) iplyfunygamewiU: It's not about winning or losing
(48:19 / All) TheBully: It's about being fair and equal
(48:30 / All) biggiesmalls_ny: but how was this not a fair game btw
(48:30 / All) biggiesmalls_ny: oh
(48:34 / All) biggiesmalls_ny: cause purple MH?
(48:59 / All) TheBully: The only way to make it fair, is to remove the fangs and declaw both teams, don't you think?
(49:17 / All) biggiesmalls_ny: dunno
(49:21 / All) TheBully: That way whoever wants it the most will win, very fair, and even more equal!
(49:46 / All) CmyL: im actually curious to wait it out
(49:51 / All) CmyL: and see whos gonna get this win
(50:03 / All) CmyL: clearly u both dont care since 0-0 smurfs anyway
(50:08 / All) CmyL: but sooner or later
(50:11 / All) CmyL: u have to decide
(50:15 / All) CmyL: whos gonna leave
(50:17 / All) CmyL: lol
(50:22 / All) biggiesmalls_ny: their connection might drop, too :)
(50:22 / All) CmyL: lets keep it going :)
(50:27 / All) CmyL: or that
(50:32 / All) CmyL: whoever has a better connection
(50:33 / All) biggiesmalls_ny: i'll have to leave when the wife wants to go to bed :/
(50:38 / All) biggiesmalls_ny: my stupid alienware is very noisy lol
(50:41 / All) CmyL: i will wait it out
(50:43 / All) CmyL: and let u know
(50:47 / All) biggiesmalls_ny: lol
(50:50 / All) biggiesmalls_ny: thx
(50:53 / All) CmyL: i once had a 40 hour game
(50:57 / All) CmyL: back when tiehack was around
(51:00 / All) biggiesmalls_ny: nice
(51:20 / All) biggiesmalls_ny: kind of a waste of elecricity tho ;)
(51:50 / All) CmyL: well i never turn my pc off anyway
(51:51 / All) iplyfunygamewiU: We've had games last for hundreds of hours
(51:55 / All) iplyfunygamewiU: when we put players in standofs
(52:08 / All) CmyL: im up for this challenge
(52:14 / All) iplyfunygamewiU: mexican standoffs can last for ages if everyone sticks around
(52:22 / All) CmyL: lol
(52:23 / All) biggiesmalls_ny: lol
(52:32 / All) biggiesmalls_ny: at some point you might need to actually move to a new place or something
(52:36 / All) biggiesmalls_ny: and turn the computer off
(52:39 / All) biggiesmalls_ny: :D
(52:39 / All) CmyL: i never lost games like this
(52:45 / All) CmyL: unless my internet went off
(52:51 / All) CmyL: in that case its out of my control
(52:57 / All) CmyL: i would never manuelly quit myself
(53:02 / All) iplyfunygamewiU: I'm not sure green will stay
(53:05 / All) iplyfunygamewiU: I predict you guys win
(53:12 / All) iplyfunygamewiU: it's 2v1 standoff anyway
(53:12 / All) biggiesmalls_ny: green is AFK?
(53:23 / All) TheBully: There's no quit in green
(53:25 / All) biggiesmalls_ny: no i am here too :-)
(53:49 / All) silverstein: i want this fucking win dude
(53:53 / All) biggiesmalls_ny: LOL
(53:56 / All) iplyfunygamewiU: lawl
(53:58 / All) biggiesmalls_ny: hilarious he was there
(54:05 / All) silverstein: yep
(54:08 / All) biggiesmalls_ny: hahahaha you cracked me up yo
(54:15 / All) silverstein: fucking your bitch while i was away
(54:19 / All) CmyL: then u have to convince red
(54:23 / All) CmyL: to leave
(54:35 / All) biggiesmalls_ny: nah
(54:37 / All) biggiesmalls_ny: i would stay
(54:38 / All) biggiesmalls_ny: :D
(54:41 / All) biggiesmalls_ny: being a dick.
(54:43 / All) CmyL: ok then
(54:47 / All) CmyL: im with you bro
(54:49 / All) silverstein: red, if you leave...ill give you a facial
(54:54 / All) CmyL: LOL
(55:07 / All) biggiesmalls_ny: wait do you guys know each other iRL or something
(55:13 / All) biggiesmalls_ny: too much bromance
(55:17 / All) CmyL: just internet trolls
(55:22 / All) TheBully: he sang at my bar mitzvah
(55:26 / All) biggiesmalls_ny: lolol
(55:28 / All) CmyL: im waiting
(55:30 / All) biggiesmalls_ny: thats nice
(55:32 / All) CmyL: to collect my win
(56:00 / All) biggiesmalls_ny: alright folks, need to go walk the dog.
(56:03 / All) biggiesmalls_ny: brb.
(56:07 / All) CmyL: k
(56:40 / Allies) silverstein: teal are you trying to lose dude>'
(56:49 / All) iplyfunygamewiU: We're making a standoff green
(56:55 / All) iplyfunygamewiU: We're killing everything including our own units
(56:58 / Allies) silverstein: put a hall u wtf
(57:01 / All) iplyfunygamewiU: and you can leave your PC on all night for the win
(57:05 / All) iplyfunygamewiU: vs orange and purp
(57:40 / All) iplyfunygamewiU: wow
(57:42 / All) iplyfunygamewiU: bad luck for you guys
(57:54 / All) iplyfunygamewiU: right when all my stuff dies he leaves
(58:01 / All) iplyfunygamewiU: Your team has the only legit players now, you both get the loss
(58:09 / All) TheBully: Very sad indeed
(61:08 / All) CmyL: too bad ur little plan didnt work out
(61:11 / All) CmyL: green just left
(61:12 / All) CmyL: lol
(61:26 / All) CmyL: so teal
(61:31 / All) CmyL: are u representing ur team
(61:34 / All) CmyL: in the standoff?
(61:51 / All) TheBully: Standoff has been canceled, green ruined Christmas
(61:56 / All) TheBully: like a Christmas grinch
(62:39 / All) CmyL: damn green sucks
(62:46 / All) CmyL: no challenge
(63:00 / All) CmyL: search again for another standoff
(63:56 / All) TheBully: Standoffs are a special gift from Santa, they don't come everyday
(67:36 / All) TheBully: Christmas tree
(68:13 / All) TheBully: MERRY CHRISTMAS